Map: Frost LE

Players

Polt - Winner!

  • Race: Terran Terran

Toodming

  • Race: Zerg Zerg

Event: 2016 WCS Summer Circuit Championship (DH Montreal)

VOD

Have the link to the VOD?

Description

Time

  • Played on: Aug. 13, 2016, 3:18 p.m.
  • Length: 10:24

All games in this series

Show
View Real Time Build Order
Export as new Build Order

Polt Terran - Winner!

Build Orders: Reaper Expand, Bio Tank 

Get SALT Encoding   

  12  0:00  SCV  
  13  0:12  SCV  
  14  0:17  Supply Depot  
  14  0:24  SCV  
  15  0:39  SCV  
  15  0:41  Barracks  
  16  0:44  Refinery  
  16  0:51  SCV  
  17  1:03  SCV  
  18  1:15  SCV  
  19  1:27  Orbital Command  
  19  1:28  Reaper  
  20  1:40  Command Center  
  20  1:52  Barracks  
  20  1:53  SCV  
  21  2:00  Barracks Reactor  
  21  2:03  Supply Depot  
  21  2:06  SCV  
  22  2:13  Refinery  
  22  2:19  SCV  
  23  2:31  SCV  
  24  2:37  Marine x2  
  24  2:38  Barracks Tech Lab  
  24  2:43  Factory, SCV  
  27  2:52  Orbital Command  
  27  2:55  SCV  
  27  2:57  Marine  
  27  2:58  Marine x2  
  31  3:03  Stimpack  
  31  3:07  SCV  
  32  3:18  Marine x3  
  35  3:21  SCV x2  
  37  3:28  Starport  
  37  3:29  Factory Reactor  
  37  3:33  SCV x2  
  39  3:36  Marine x2  
  39  3:37  Marine  
  42  3:47  SCV  
  42  3:48  SCV  
  43  3:50  Supply Depot  
  43  3:55  Supply Depot  
  43  3:59  SCV  
  43  4:00  SCV  
  45  4:08  Marine  
  46  4:12  Refinery, SCV x2, Marine x2, Medivac x2  
  46  4:14  Supply Depot  
  54  4:24  SCV x2  
  54  4:26  Marine  
  54  4:29  Marine x2  
  54  4:30  Engineering Bay  
  59  4:36  SCV x2  
  59  4:38  Supply Depot  
  61  4:41  Factory Tech Lab  
  61  4:43  Marine  
  62  4:47  Marine x2  
  62  4:50  Starport Reactor  
  64  4:56  Terran Infantry Weapons Level 1  
  64  4:59  SCV x2  
  66  5:00  Supply Depot  
  66  5:01  Marine, Siege Tank  
  66  5:05  Marine x2  
  72  5:11  SCV x2  
  72  5:13  Combat Shields  
  74  5:19  Marine  
  75  5:23  Marine x2  
  77  5:29  Command Center  
  77  5:36  Siege Tank  
  77  5:39  Medivac x2  
  84  5:42  Marine x2  
  86  5:56  Supply Depot  
  86  5:57  Supply Depot  
  86  5:59  SCV x2, Marine, Refinery  
  89  6:09  Marine x2  
  91  6:17  Marine, SCV x2  
  94  6:19  Starport Reactor  
  92  6:31  Marine x2  
  94  6:35  Marine, Siege Tank  
  94  6:37  Barracks x2  
  94  6:38  Barracks  
  98  6:42  Orbital Command  
  98  6:47  SCV x2  
  98  6:50  Terran Infantry Armor Level 1, Marine x2  
  98  6:52  Marine  
  90  7:11  Marine  
  90  7:12  Marine x2  
  88  7:15  Siege Tank  
  88  7:17  Medivac x2  
  88  7:20  Orbital Command  
  95  7:25  SCV x2  
  94  7:34  Marine x4  
  94  7:35  Barracks Reactor, Marine x3  
  97  7:39  SCV x2  
  99  7:46  Supply Depot  
  99  7:47  Engineering Bay, Supply Depot x2, SCV, Armory  
  99  7:50  Supply Depot  
  100  7:51  Supply Depot, SCV  
  100  7:52  SCV  
  102  7:59  Marine x7  
  109  8:06  SCV x3  
  107  8:14  Barracks x3  
  107  8:17  Supply Depot  
  107  8:18  Supply Depot  
  107  8:20  Siege Tank  
  107  8:24  Factory  
  110  8:29  SCV  
  110  8:30  SCV x2  
  110  8:31  Refinery  
  110  8:32  Refinery  
  113  8:35  Medivac x2  
  117  8:44  Supply Depot  
  117  8:46  Supply Depot  
  117  8:48  SCV  
  117  9:02  Marine x6  
  119  9:03  Marine x3  
  119  9:04  Marine x3  
  119  9:08  Factory Tech Lab, Siege Tank  
  132  9:16  SCV  
  131  9:17  Command Center, Medivac  
  131  9:19  Medivac  
  135  9:29  Marine x2  
  135  9:30  Marine x8  
  145  9:34  Marine x2  
  146  9:41  Siege Tank x2  
  151  9:53  Marine x11  
Show
View Real Time Build Order
Export as new Build Order

Toodming Zerg 

Build Orders: Hatch First 

Get SALT Encoding   

  12  0:00  Drone  
  13  0:12  Overlord  
  13  0:17  Drone  
  14  0:31  Drone x2  
  17  0:35  Drone  
  17  0:52  Hatchery  
  17  0:56  Drone  
  17  0:58  Drone  
  18  1:10  Extractor  
  17  1:13  Spawning Pool  
  17  1:16  Drone  
  17  1:20  Drone  
  18  1:28  Drone  
  19  1:40  Overlord  
  19  2:00  Queen  
  19  2:01  Zergling x4  
  23  2:03  Queen  
  23  2:06  Zergling x2  
  26  2:09  Metabolic Boost  
  26  2:13  Drone  
  26  2:15  Drone  
  28  2:23  Drone  
  28  2:25  Drone  
  30  2:32  Drone  
  30  2:36  Drone, Queen  
  34  2:42  Queen  
  36  2:53  Overlord  
  36  2:54  Overlord  
  36  3:12  Drone x3  
  39  3:13  Drone x6  
  39  3:17  Drone  
  46  3:23  Drone  
  46  3:25  Drone  
  48  3:35  Hatchery  
  47  3:47  Overlord x2  
  47  3:51  Drone x4  
  47  3:52  Drone  
  52  3:56  Evolution Chamber  
  52  3:59  Evolution Chamber  
  50  4:08  Zergling x8  
  54  4:14  Extractor  
  53  4:22  Zergling x16  
  61  4:25  Zerg Ground Armor Level 1  
  61  4:31  Zerg Melee Weapons Level 1  
  61  4:35  Drone  
  61  4:36  Drone  
  61  4:37  Drone  
  64  4:39  Extractor  
  64  4:44  Drone  
  64  4:47  Drone  
  64  4:52  Queen  
  67  5:00  Zergling x6  
  67  5:01  Zergling x4  
  67  5:04  Lair  
  71  5:08  Baneling Nest  
  71  5:09  Drone x3  
  71  5:10  Overlord x2  
  71  5:14  Spore Crawler  
  72  5:17  Zergling x2  
  69  5:31  Drone x9  
  78  5:47  Zergling x4  
  78  5:48  Spore Crawler, Zergling x8  
  83  5:53  Hatchery  
  82  6:00  Overlord x2  
  82  6:02  Zergling x6  
  82  6:03  Centrifical Hooks  
  83  6:05  Overlord  
  83  6:06  Overlord  
  83  6:10  Baneling x2  
  83  6:11  Baneling x2  
  83  6:15  Extractor, Spire  
  81  6:22  Drone  
  81  6:23  Drone x7  
  85  6:30  Zergling x2  
  85  6:33  Zergling x4  
  85  6:34  Drone x3  
  85  6:35  Drone x4  
  94  6:41  Baneling x3, Zerg Melee Weapons Level 2  
  94  6:51  Drone x2  
  95  6:56  Zergling x2  
  95  6:57  Zergling x6  
  95  7:00  Zerg Ground Armor Level 2  
  99  7:05  Zergling x14  
  99  7:07  Zergling x2  
  99  7:08  Zergling x2  
  97  7:12  Zergling x2  
  97  7:13  Zergling x10  
  97  7:14  Zergling x2  
  96  7:19  Zergling x2  
  96  7:21  Zergling x2  
  81  7:24  Zergling x2  
  81  7:28  Zergling x2  
  81  7:29  Zergling x2  
  72  7:33  Zergling x2  
  68  7:48  Zergling x14  
  75  7:59  Zergling x4  
  75  8:01  Zergling x4  
  79  8:11  Hatchery  
  76  8:17  Corruptor x5  
  86  8:22  Drone x2  
  86  8:23  Drone x3  
  86  8:24  Drone  
  86  8:25  Drone x3  
  95  8:28  Baneling x8  
  95  8:30  Zergling x2  
  95  8:33  Zergling x4  
  97  8:38  Drone x2  
  97  8:39  Drone  
  100  8:43  Overseer  
  100  8:51  Zergling x18  
  109  9:04  Zergling x12  
  109  9:06  Baneling x3  
  115  9:15  Zergling x12  
  119  9:23  Queen  
  119  9:24  Infestation Pit  
  120  9:25  Zergling x12  
  120  9:26  Overlord  
  126  9:33  Overlord  
  126  9:34  Overlord x3  
  126  9:40  Baneling x13  
  126  9:50  Zergling x16  
  130  10:00  Zergling x2  
  130  10:01  Zergling x18  
Tags
 
Add a new tag
Caveats
  • Supply blocks, unpowered buildings, or Contaminate may cause inaccurate times.
  • Supply counts are checked every 10 seconds.